 Dungeon Crawl Stone Soup version 0.26.1-2-gb8aa6d0cf2 (webtiles) character file.

Game seed: 5482529296613370216

109 Eitelfritz the Covered (level 4, 0/60 HPs)
             Began as a Hill Orc Fighter on Mar 19, 2021.
             Succumbed to an adder's poison
             ... on level 3 of the Dungeon.
             The game lasted 00:03:47 (2506 turns).

Eitelfritz the Covered (Hill Orc Fighter)           Turns: 2506, Time: 00:03:48

Health: 0/60       AC:  7    Str: 18    XL:     4   Next: 89%
Magic:  4/4        EV:  7    Int:  9    God:
Gold:   87         SH:  9    Dex: 10    Spells: 3/3 levels left

rFire    . . .     SeeInvis .   a - +0 long sword
rCold    . . .     Faith    .   c - +0 kite shield
rNeg     . . .     Spirit   .   b - +0 scale mail
rPois    .         Reflect  .   (no helmet)
rElec    .         Harm     .   (no cloak)
rCorr    .         Rampage  .   (no gloves)
Will     .....                  (no boots)
Stlth    ..........             (no amulet)
HPRegen  0.20/turn              (no ring)
MPRegen  0.09/turn              (no ring)

@: brilliant, berserking (expiring), lethally poisoned (0 -> -5), very quick
A: no striking features
a: Convert to Beogh


You were on level 3 of the Dungeon.
You visited 1 branch of the dungeon, and saw 3 of its levels.

You collected 87 gold pieces.

Inventory:

Hand Weapons
 a - a +0 long sword (weapon)
Missiles
 e - 2 boomerangs (quivered)
Armour
 b - a +0 scale mail (worn)
 c - a +0 kite shield (worn)
 k - a +0 chain mail
Wands
 p - a wand of enslavement (8)
Scrolls
 f - a scroll of fear {unknown}
 g - a scroll of random uselessness {unknown}
 i - a scroll of remove curse {unknown}
 l - a scroll of teleportation {unknown}
 n - a scroll of identify {unknown}
Potions
 d - a potion of might
 h - a potion of brilliance
 m - a potion of mutation {unknown}
 o - a potion of curing {unknown}


   Skills:
 + Level 3.9 Fighting
 + Level 3.2 Long Blades
 + Level 4.4 Armour
 + Level 0.2 Dodging
 + Level 0.1 Stealth
 + Level 4.1 Shields


You had 3 spell levels left.
You didn't know any spells.
Your spell library was empty.

Dungeon Overview and Level Annotations

Branches:
Dungeon (3/15)

Altars:

Annotations:
D:2 1 runed translucent door, Crazy Yiuf


Message History

The adder completely misses you.
Unknown command.
You are too berserk!
You miss the adder.
The adder is heavily wounded.
You feel sick. The adder bites you but does no damage.
You closely miss the adder.
The adder is heavily wounded.
You feel sick. The adder closely misses you.
You closely miss the adder.
The adder is heavily wounded.
The adder barely misses you.
You riposte.
You slash the adder!
You kill the adder!
You closely miss the adder.
You feel sick. You block the adder's attack.
You slash the adder!
You kill the adder!
The orc priest invokes the aid of Beogh against you.
Pain shoots through your body!
* * * LOW HITPOINT WARNING * * *
You die...

#.# #.# #.# #.#
.S..... #.# .^.....
###.###.# S......
#.......# .......
###.#.#########.......
#...#.......@o#o......
#.###########.#.......
#.# #....# #.).......
#.# #.##.#####.######
#.# #......# ...
#.#######.#.# ####
#.........#.#####
###########....<#
#######


You could see an orc priest.

Vanquished Creatures
  4 adders
  An ooze (D:2)
  2 worms (D:2)
  3 dart slugs (D:2)
  2 leopard geckos
  2 orcs (D:3)
  5 bats
  2 giant cockroaches
  6 goblins
  6 hobgoblins
  4 jackals (D:1)
  7 kobolds
  A frilled lizard (D:1)
  7 rats (D:1)
52 creatures vanquished.

Notes
Turn   | Place    | Note
-------+----------+-------------------------------------------
     0 | D:1      | Eitelfritz the Hill Orc Fighter began the quest for the
                  | Orb.
     0 | D:1      | Reached XP level 1. HP: 19/19 MP: 1/1
    25 | D:1      | Reached XP level 2. HP: 4/27 MP: 2/2
   694 | D:1      | Reached XP level 3. HP: 32/33 MP: 3/3
  1389 | D:2      | Reached XP level 4. HP: 32/40 MP: 4/4
  2033 | D:2      | Found a runed translucent door.
  2034 | D:2      | Noticed Crazy Yiuf
  2095 | D:2      | Found a faded altar of an unknown god.
  2505 | D:3      | HP: 1/60 [orc priest/nerve-wracking pain (6)]
  2506 | D:3      | Succumbed to an adder's poison

Illustrated notes

Levels and vault maps discovered:
D:1:      minmay_arrival_three_doors, layout_rooms
D:2:      layout_loops_corners, chequers_ecumenical_altar_lobes,
          minmay_hexomino_u4, uniq_crazy_yiuf_cottage
D:3:      layout_basic, nicolae_dithmenos_through_a_glass_darkly

Skill      XL: |  1  2  3  4 |
---------------+-------------+-----
Shields        | 4 |  4.1
Armour         | 4 |  4.4
Long Blades    | 3 |  3.2
Fighting       | |  3.9
Dodging        | |  0.2
Stealth        | |  0.1

Action                   |  1- 3 |  4- 6 || total
-------------------------+-------+-------++-------
Melee: Long sword        |   131 |    59 ||   190
  Use: Potion            |       |     2 ||     2
Armor: Scale mail        |   100 |    19 ||   119
Dodge: Dodged            |    69 |    21 ||    90
Block: Kite shield       |    91 |    28 ||   119
       Rpst.: Long sword |    19 |     7 ||    26
